| TOP OF THE 1ST |
|
Raleigh-Durham Capitals batting - Pitching for Salem Rebels : RHP Elwaine Hardtke
|
|
Pitching: RHP Elwaine Hardtke
|
|
|
Batting: SHB Horace Ransom
|
0-0: SINGLE (Flyball, 3D, EV 91.9 MPH)
|
|
Batting: RHB Mark Miller
|
0-0: Ball 1-0: Fly out, F4 (Popup, 4, EV 66.9 MPH)
|
|
Batting: RHB James Wahlig
|
0-0: Ball 1-0: Swinging Strike 1-1: Ball 2-1: Ball 3-1: Base on Balls Horace Ransom to second
|
|
Batting: LHB Clay Smith
|
0-0: Ball 1-0: Foul Ball, location: 2F 1-1: Foul Ball, location: 2F 1-2: Strikes out swinging
|
|
Batting: RHB Kevin MacDonald
|
0-0: Ball 1-0: Ball 2-0: Called Strike 2-1: Ball 3-1: DOUBLE (Line Drive, 89D, EV 111.9 MPH) Horace Ransom scores James Wahlig to third Runner from 3rd tries for Home, SAFE, no throw by CF
|
|
Batting: LHB Richard Kelly
|
0-0: Ball 1-0: Fly out, F8 (Flyball, 8LS, EV 91.3 MPH)
|
| Top of the 1st over - 2 runs, 2 hits, 0 errors, 1 left on base; Raleigh-Durham 2 - Salem 0 |
| BOTTOM OF THE 1ST |
|
Salem Rebels batting - Pitching for Raleigh-Durham Capitals : RHP Les Straker
|
|
Pitching: RHP Les Straker
|
|
|
Batting: LHB John Gibbons
|
0-0: Called Strike 0-1: Fly out, F6 (Flyball, 6D, EV 88.8 MPH)
|
|
Batting: RHB Daniel Szajko
|
0-0: Ball 1-0: Fly out, F9 (Flyball, 9, EV 96.9 MPH)
|
|
Batting: LHB Thomas Krupa
|
0-0: Called Strike 0-1: Ground out 5-3 (Groundball, 5L, EV 89.4 MPH)
|
| Bottom of the 1st over - 0 runs, 0 hits, 0 errors, 0 left on base; Raleigh-Durham 2 - Salem 0 |
| TOP OF THE 2ND |
|
Raleigh-Durham Capitals batting - Pitching for Salem Rebels : RHP Elwaine Hardtke
|
|
Batting: RHB Red Ebersole
|
0-0: Ball 1-0: Ground out 4-3 (Groundball, 4, EV 85.0 MPH)
|
|
Batting: RHB Luis Brito
|
0-0: Swinging Strike 0-1: Ball 1-1: Foul Ball, location: 2F 1-2: Ball 2-2: Ground out 6-3 (Groundball, 56, EV 98.8 MPH)
|
|
Batting: RHB Marshall Burk
|
0-0: Foul Ball, location: 2F 0-1: Foul Ball, location: 2F 0-2: Ball 1-2: Fly out, F9 (Line Drive, 9, EV 87.5 MPH)
|
| Top of the 2nd over - 0 runs, 0 hits, 0 errors, 0 left on base; Raleigh-Durham 2 - Salem 0 |
| BOTTOM OF THE 2ND |
|
Salem Rebels batting - Pitching for Raleigh-Durham Capitals : RHP Les Straker
|
|
Batting: RHB Jorge Monroig
|
0-0: Ball 1-0: Ball 2-0: Foul Ball, location: 2F 2-1: Ball 3-1: Foul Ball, location: 2F 3-2: Strikes out swinging
|
|
Batting: RHB Robert O'Connor
|
0-0: Swinging Strike 0-1: Ball 1-1: Fly out, F9 (Flyball, 9LM, EV 93.8 MPH)
|
|
Batting: RHB Melvin Williams
|
0-0: Swinging Strike 0-1: Foul Ball, location: 2F 0-2: Fly out, F9 (Flyball, 89D, EV 103.1 MPH)
|
| Bottom of the 2nd over - 0 runs, 0 hits, 0 errors, 0 left on base; Raleigh-Durham 2 - Salem 0 |
| TOP OF THE 3RD |
|
Raleigh-Durham Capitals batting - Pitching for Salem Rebels : RHP Elwaine Hardtke
|
|
Batting: SHB Horace Ransom
|
0-0: Ball 1-0: Foul Ball, location: 2F 1-1: Ball 2-1: Foul Ball, location: 2F 2-2: Ball 3-2: Base on Balls
|
|
Batting: RHB Mark Miller
|
0-0: Ball Horace Ransom steals 2nd base 1-0: Foul Ball, location: 2F 1-1: Ball 2-1: Fly out, F8 (Flyball, 8LD, EV 100.6 MPH) Runner from 2nd tags up, SAFE at 3rd with throw by CF
|
|
Batting: RHB James Wahlig
|
0-0: Fly out, F2 (Popup, 2RF, EV 83.1 MPH)
|
|
Batting: LHB Clay Smith
|
0-0: Called Strike 0-1: Ball 1-1: Swinging Strike 1-2: Ball 2-2: Foul Ball, location: 2F 2-2: Foul Ball, location: 2F 2-2: Ball 3-2: Base on Balls
|
|
Batting: RHB Kevin MacDonald
|
0-0: Swinging Strike 0-1: Hit by Pitch Clay Smith to second
|
|
Batting: LHB Richard Kelly
|
0-0: Foul Ball, location: 2F 0-1: Ball 1-1: Ball 2-1: Fly out, F7 (Line Drive, 7, EV 98.1 MPH)
|
| Top of the 3rd over - 0 runs, 0 hits, 0 errors, 3 left on base; Raleigh-Durham 2 - Salem 0 |
| BOTTOM OF THE 3RD |
|
Salem Rebels batting - Pitching for Raleigh-Durham Capitals : RHP Les Straker
|
|
Batting: SHB Kelvin Hudson
|
0-0: Swinging Strike 0-1: Foul Ball, location: 2F 0-2: Ball 1-2: Foul Ball, location: 2F 1-2: Ball 2-2: Ball 3-2: Strikes out looking
|
|
Batting: RHB Gary Leslie
|
0-0: Called Strike 0-1: Called Strike 0-2: Ball 1-2: Ball 2-2: Ball 3-2: Base on Balls
|
|
Batting: RHB Mark Krynitsky
|
0-0: Called Strike 0-1: Ball 1-1: Ball 2-1: Ball 3-1: Base on Balls Gary Leslie to second
|
|
Batting: LHB John Gibbons
|
0-0: Ball 1-0: Ball 2-0: Foul Ball, location: 2F 2-1: Ball 3-1: Swinging Strike 3-2: Foul Ball, location: 2F 3-2: Base on Balls Gary Leslie to third Mark Krynitsky to second
|
|
Batting: RHB Daniel Szajko
|
0-0: Ball Wild Pitch! Gary Leslie scores Mark Krynitsky to third John Gibbons to second 1-0: Ball 2-0: Ball 3-0: Called Strike 3-1: Base on Balls
|
|
Batting: LHB Thomas Krupa
|
0-0: Foul Ball, location: 2F 0-1: Ball 1-1: Ball 2-1: Fly out, F7 (Flyball, 78S, EV 92.5 MPH) Runner from 3rd tags up, OUT at HOME! 7-2
|
| Bottom of the 3rd over - 1 run, 0 hits, 0 errors, 2 left on base; Raleigh-Durham 2 - Salem 1 |
| TOP OF THE 4TH |
|
Raleigh-Durham Capitals batting - Pitching for Salem Rebels : RHP Elwaine Hardtke
|
|
Batting: RHB Red Ebersole
|
0-0: Ball 1-0: Ball 2-0: Foul Ball, location: 2F 2-1: Foul Ball, location: 2F 2-2: Foul Ball, location: 2F 2-2: Foul Ball, location: 2F 2-2: Ball 3-2: Fly out, F8 (Flyball, 8RD, EV 94.4 MPH)
|
|
Batting: RHB Luis Brito
|
0-0: Ball 1-0: Swinging Strike 1-1: Ball 2-1: Ground out 2-3 (Groundball, 15S, EV 69.4 MPH)
|
|
Batting: RHB Marshall Burk
|
0-0: Ball 1-0: Ball 2-0: Called Strike 2-1: Called Strike 2-2: Strikes out swinging
|
| Top of the 4th over - 0 runs, 0 hits, 0 errors, 0 left on base; Raleigh-Durham 2 - Salem 1 |
| BOTTOM OF THE 4TH |
|
Salem Rebels batting - Pitching for Raleigh-Durham Capitals : RHP Les Straker
|
|
Batting: RHB Jorge Monroig
|
0-0: Ball 1-0: Ground out 6-3 (Groundball, 6, EV 79.4 MPH)
|
|
Batting: RHB Robert O'Connor
|
0-0: Ball 1-0: Foul Ball, location: 2F 1-1: Ball 2-1: Ball 3-1: Ground out 6-3 (Groundball, 6, EV 88.1 MPH)
|
|
Batting: RHB Melvin Williams
|
0-0: Ball 1-0: Called Strike 1-1: Foul Ball, location: 2F 1-2: Ball 2-2: Foul Ball, location: 2F 2-2: Fly out, F9 (Flyball, 9, EV 80.0 MPH)
|
| Bottom of the 4th over - 0 runs, 0 hits, 0 errors, 0 left on base; Raleigh-Durham 2 - Salem 1 |
| TOP OF THE 5TH |
|
Raleigh-Durham Capitals batting - Pitching for Salem Rebels : RHP Elwaine Hardtke
|
|
Batting: SHB Horace Ransom
|
0-0: Ball 1-0: Foul Ball, location: 2F 1-1: Foul Ball, location: 2F 1-2: Ball 2-2: Foul Ball, location: 2F 2-2: Strikes out swinging
|
|
Batting: RHB Mark Miller
|
0-0: Ball 1-0: Ball 2-0: Foul Ball, location: 2F 2-1: Swinging Strike 2-2: Ball 3-2: Foul Ball, location: 2F 3-2: Foul Ball, location: 2F 3-2: SINGLE (Groundball, 6S, EV 68.1 MPH) (infield hit)
|
|
Batting: RHB James Wahlig
|
0-0: Ball 1-0: Fly out, F4 (Line Drive, 4, EV 70.0 MPH)
|
|
Batting: LHB Clay Smith
|
0-0: Swinging Strike 0-1: Ball 1-1: Ball 2-1: Swinging Strike 2-2: Fielders Choice at 2nd, 5-4 (Groundball, 56, EV 91.3 MPH)
|
| Top of the 5th over - 0 runs, 1 hit, 0 errors, 1 left on base; Raleigh-Durham 2 - Salem 1 |
| BOTTOM OF THE 5TH |
|
Salem Rebels batting - Pitching for Raleigh-Durham Capitals : RHP Les Straker
|
|
Batting: SHB Kelvin Hudson
|
0-0: Foul Ball, location: 2F 0-1: Called Strike 0-2: Ball 1-2: Ball 2-2: Ball 3-2: Ground out 1-3 (Groundball, 34S, EV 67.5 MPH)
|
|
Batting: RHB Gary Leslie
|
0-0: Ball 1-0: SINGLE (Groundball, 4S, EV 99.4 MPH)
|
|
Batting: RHB Mark Krynitsky
|
0-0: Ball 1-0: Called Strike 1-1: Ball 2-1: Foul Ball, location: 2F 2-2: Fielders Choice at 2nd, 3-6 (Groundball, 34, EV 102.5 MPH)
|
|
Batting: LHB John Gibbons
|
0-0: Ball 1-0: Ball 2-0: Ball 3-0: Base on Balls Mark Krynitsky to second
|
|
Batting: RHB Daniel Szajko
|
0-0: Ball 1-0: Ball 2-0: Called Strike 2-1: Ball 3-1: Fielders Choice at 2nd, 5-4 (Groundball, 56, EV 91.9 MPH)
|
| Bottom of the 5th over - 0 runs, 1 hit, 0 errors, 2 left on base; Raleigh-Durham 2 - Salem 1 |
| TOP OF THE 6TH |
|
Raleigh-Durham Capitals batting - Pitching for Salem Rebels : RHP Elwaine Hardtke
|
|
Batting: RHB Kevin MacDonald
|
0-0: Called Strike 0-1: Swinging Strike 0-2: DOUBLE (Groundball, 5L, EV 101.3 MPH)
|
|
Batting: LHB Richard Kelly
|
0-0: Intentional Walk
|
|
Batting: RHB Red Ebersole
|
0-0: Swinging Strike 0-1: Ball 1-1: Ball 2-1: Ball 3-1: Foul Ball, location: 2F 3-2: SINGLE (Line Drive, 78M, EV 88.1 MPH) Kevin MacDonald to third Richard Kelly to second
|
|
Batting: RHB Luis Brito
|
0-0: Ball 1-0: Called Strike 1-1: Ball 2-1: Foul Ball, location: 2F 2-2: Hit by Pitch Kevin MacDonald scores Richard Kelly to third Red Ebersole to second
|
|
Batting: RHB Marshall Burk
|
0-0: Called Strike 0-1: Ball 1-1: Foul Ball, location: 2F 1-2: SINGLE (Groundball, 6MD, EV 109.4 MPH) Richard Kelly scores Red Ebersole to third Luis Brito to second Runner from 3rd tries for Home, SAFE, throw by CF to home
|
|
Pitching: RHP Paul Randolph
|
|
|
Batting: SHB Horace Ransom
|
0-0: Bunt missed! 0-1: Ball 1-1: Ball 2-1: Ball Luis Brito steals 3rd base (no throw) Marshall Burk to second 3-1: Foul Ball, location: 2F 3-2: Fly out, F7 (Flyball, 7, EV 90.6 MPH) Runner from 3rd tags up, SCORES, no throw by LF
|
|
Batting: RHB Mark Miller
|
0-0: Ball 1-0: Called Strike 1-1: Ball 2-1: Ball 3-1: Foul Ball, location: 2F 3-2: Strikes out swinging
|
|
Batting: RHB James Wahlig
|
0-0: Ball 1-0: Ball 2-0: Foul Ball, location: 2F 2-1: Ground out U3 (Groundball, 34, EV 98.1 MPH)
|
| Top of the 6th over - 4 runs, 3 hits, 0 errors, 1 left on base; Raleigh-Durham 6 - Salem 1 |
| BOTTOM OF THE 6TH |
|
Salem Rebels batting - Pitching for Raleigh-Durham Capitals : RHP Les Straker
|
|
Batting: LHB Thomas Krupa
|
0-0: Ball 1-0: Foul Ball, location: 2F 1-1: Foul Ball, location: 2F 1-2: Strikes out swinging
|
|
Batting: RHB Jorge Monroig
|
0-0: Foul Ball, location: 2F 0-1: Fly out, F8 (Flyball, 8LXD, EV 106.9 MPH)
|
|
Batting: RHB Robert O'Connor
|
0-0: Ball 1-0: Ball 2-0: Fly out, F8 (Flyball, 8RM, EV 87.5 MPH)
|
| Bottom of the 6th over - 0 runs, 0 hits, 0 errors, 0 left on base; Raleigh-Durham 6 - Salem 1 |
| TOP OF THE 7TH |
|
Raleigh-Durham Capitals batting - Pitching for Salem Rebels : RHP Paul Randolph
|
|
Batting: LHB Clay Smith
|
0-0: Foul Ball, location: 2F 0-1: Swinging Strike 0-2: Foul Ball, location: 2F 0-2: Ball 1-2: Ground out 5-3 (Groundball, 56, EV 83.8 MPH)
|
|
Batting: RHB Kevin MacDonald
|
0-0: Ball 1-0: Foul Ball, location: 2F 1-1: Ground out 5-3 (Groundball, 56S, EV 84.4 MPH)
|
|
Batting: LHB Richard Kelly
|
0-0: Ball 1-0: Foul Ball, location: 2F 1-1: Ball 2-1: Ball 3-1: Base on Balls
|
|
Batting: RHB Red Ebersole
|
0-0: Called Strike 0-1: SINGLE (Line Drive, 78S, EV 98.1 MPH) Richard Kelly to second
|
|
Batting: RHB Luis Brito
|
0-0: Foul Ball, location: 2F 0-1: Ground out 5-3 (Groundball, 56, EV 79.4 MPH)
|
| Top of the 7th over - 0 runs, 1 hit, 0 errors, 2 left on base; Raleigh-Durham 6 - Salem 1 |
| BOTTOM OF THE 7TH |
|
Salem Rebels batting - Pitching for Raleigh-Durham Capitals : RHP Les Straker
|
|
Batting: RHB Melvin Williams
|
0-0: Foul Ball, location: 2F 0-1: Swinging Strike 0-2: Ball 1-2: Strikes out looking
|
|
Batting: SHB Kelvin Hudson
|
0-0: Ball 1-0: Foul Ball, location: 2F 1-1: Called Strike 1-2: Ball 2-2: Ground out 4-3 (Groundball, 4, EV 85.0 MPH)
|
|
Batting: RHB Gary Leslie
|
0-0: Ball 1-0: Ball 2-0: Foul Ball, location: 2F 2-1: Ball 3-1: Base on Balls
|
|
Batting: RHB Mark Krynitsky
|
0-0: Called Strike 0-1: Ball 1-1: Ball 2-1: Ball 3-1: Fly out, F4 (Popup, 4D, EV 58.8 MPH)
|
| Bottom of the 7th over - 0 runs, 0 hits, 0 errors, 1 left on base; Raleigh-Durham 6 - Salem 1 |
| TOP OF THE 8TH |
|
Raleigh-Durham Capitals batting - Pitching for Salem Rebels : RHP Paul Randolph
|
|
Batting: RHB Marshall Burk
|
0-0: Foul Ball, location: 2F 0-1: Swinging Strike 0-2: Ground out U3 (Groundball, 34, EV 83.8 MPH)
|
|
Batting: SHB Horace Ransom
|
0-0: Called Strike 0-1: Called Strike 0-2: Foul Ball, location: 2F 0-2: Ball 1-2: Strikes out swinging
|
|
Batting: RHB Mark Miller
|
0-0: Ball 1-0: Called Strike 1-1: Ground out U3 (Groundball, 34S, EV 91.9 MPH)
|
| Top of the 8th over - 0 runs, 0 hits, 0 errors, 0 left on base; Raleigh-Durham 6 - Salem 1 |
| BOTTOM OF THE 8TH |
|
Salem Rebels batting - Pitching for Raleigh-Durham Capitals : RHP Les Straker
|
|
Batting: LHB John Gibbons
|
0-0: Ball 1-0: Called Strike 1-1: Ball 2-1: Ball 3-1: Base on Balls
|
|
Batting: RHB Daniel Szajko
|
0-0: Foul Ball, location: 2F 0-1: Ball 1-1: Swinging Strike 1-2: Ball 2-2: SINGLE (Groundball, 4D, EV 96.9 MPH) John Gibbons to second Runner from 2nd tries for 3rd, SAFE, throw by RF made to third
|
|
Batting: LHB Thomas Krupa
|
0-0: Foul Ball, location: 2F 0-1: Ball 1-1: Foul Ball, location: 2F 1-2: Fly out, F9 (Flyball, 9S, EV 90.0 MPH)
|
|
Batting: RHB Jorge Monroig
|
0-0: Called Strike 0-1: Reached on error, E2 (Groundball, 13S, EV 76.3 MPH) John Gibbons scores Daniel Szajko to third
|
|
Batting: RHB Robert O'Connor
|
0-0: Called Strike 0-1: Foul Ball, location: 2F 0-2: Ball 1-2: Strikes out looking
|
|
Batting: RHB Melvin Williams
|
0-0: Ball 1-0: Called Strike 1-1: Foul Ball, location: 2F 1-2: Fly out, F7 (Flyball, 7D, EV 105.0 MPH)
|
| Bottom of the 8th over - 1 run, 1 hit, 1 error, 2 left on base; Raleigh-Durham 6 - Salem 2 |
| TOP OF THE 9TH |
|
Raleigh-Durham Capitals batting - Pitching for Salem Rebels : RHP Paul Randolph
|
|
Batting: RHB James Wahlig
|
0-0: Ball 1-0: Ball 2-0: Ball 3-0: Base on Balls
|
|
Pitching: LHP Wilberto Rohena
|
|
|
Batting: LHB Clay Smith
|
0-0: Fly out, F7 (Flyball, 7LS, EV 89.4 MPH)
|
|
Batting: RHB Kevin MacDonald
|
0-0: Called Strike 0-1: Ball 1-1: Ball 2-1: Ball 3-1: Base on Balls James Wahlig to second
|
|
Batting: LHB Richard Kelly
|
0-0: Called Strike 0-1: Ball 1-1: Ball 2-1: Ball 3-1: Called Strike 3-2: Grounds into double play, 4-6-3 (Groundball, 34, EV 82.5 MPH)
|
| Top of the 9th over - 0 runs, 0 hits, 0 errors, 1 left on base; Raleigh-Durham 6 - Salem 2 |
| BOTTOM OF THE 9TH |
|
Salem Rebels batting - Pitching for Raleigh-Durham Capitals : RHP Les Straker
|
|
Batting: SHB Kelvin Hudson
|
0-0: Ball 1-0: Ground out 4-3 (Groundball, 4, EV 99.4 MPH)
|
|
Batting: RHB Gary Leslie
|
0-0: Ball 1-0: Foul Ball, location: 2F 1-1: Ball 2-1: Foul Ball, location: 2F 2-2: Strikes out swinging
|
|
Batting: RHB Mark Krynitsky
|
0-0: Foul Ball, location: 2F 0-1: Ball 1-1: Swinging Strike 1-2: Foul Ball, location: 2F 1-2: Strikes out looking
|
| Bottom of the 9th over - 0 runs, 0 hits, 0 errors, 0 left on base; Raleigh-Durham 6 - Salem 2 |
|